[ AOE2 MATCH · #505191385 ]
UnrankedMongols vs Mongols
Player's team · LOSS
Rival team · WIN
[ REPLAY ANALYSIS · EXTRACTED FROM THE RECORDED GAME ]
Feudal
10:06
Castle
23:05
Imperial
41:56
| APM avg | 72.9 |
| APM peak | 138 |
| eAPM avg | 28.0 |
| Villagers / military | 147 / 187 |
Focus
⚔️ 37.2% · 🌾 62.8%
Skirmisher ×104 · Mangudai ×45 · Scout Cavalry ×17 · Steppe Lancer ×13 · Militia ×3 · Spearman ×2
Feudal
8:25
Castle
25:02
Imperial
46:38
| APM avg | 55.4 |
| APM peak | 89 |
| eAPM avg | 26.4 |
| Villagers / military | 159 / 173 |
Focus
⚔️ 37.7% · 🌾 62.3%
Steppe Lancer ×67 · Cavalry Archer ×65 · Spearman ×13 · Archer ×9 · Mangudai ×6 · Battering Ram ×6
Match map
Initial resources + every placement click. Lines = walls · curves = elevation contours. ◆ gold · ⬟ stone · ● berries · ✦ relic · ◌ wall gap
Your base· Open — unwalled flank
橘子洲头一渔夫's base· Open — 5t gap
Smoothed initial terrain · ◌ = detected wall gap · hover for details
Inputs per minute
— PomPom - - 橘子洲头一渔夫
Build order — PomPom
First 150 of 372 actions detected
| 0:00 | Queue | Villager (Male) |
| 0:00 | Queue | Villager (Male) |
| 0:02 | Build | House |
| 0:03 | Build | House |
| 0:09 | Queue | Villager (Male) |
| 0:10 | Queue | Villager (Male) |
| 1:25 | Queue | Villager (Male) |
| 1:58 | Queue | Villager (Male) |
| 1:58 | Queue | Villager (Male) |
| 2:20 | Queue | Villager (Male) |
| 2:47 | Queue | Villager (Male) |
| 2:59 | Queue | Villager (Male) |
| 2:59 | Queue | Villager (Male) |
| 3:38 | Queue | Villager (Male) |
| 3:54 | Queue | Villager (Male) |
| 4:09 | Build | House |
| 4:13 | Build | Barracks |
| 4:32 | Queue | Villager (Male) |
| 4:47 | Queue | Villager (Male) |
| 4:58 | Build | House |
| 5:18 | Queue | Villager (Male) |
| 5:41 | Queue | Villager (Male) |
| 5:50 | Queue | Militia |
| 5:50 | Queue | Militia |
| 5:50 | Queue | Militia |
| 5:52 | Queue | Villager (Male) |
| 6:07 | Build | Lumber Camp |
| 6:39 | Queue | Villager (Male) |
| 6:53 | Queue | Villager (Male) |
| 7:17 | Queue | Villager (Male) |
| 7:49 | Research | Feudal Age |
| 8:03 | Build | Lumber Camp |
| 8:37 | Build | Mill |
| 9:10 | Queue | Villager (Male) |
| 9:16 | Build | House |
| 9:18 | Build | House |
| 9:29 | Build | Farm |
| 9:32 | Build | Farm |
| 9:48 | Build | Palisade Wall |
| 9:49 | Build | Palisade Wall |
| 9:51 | Build | Palisade Wall |
| 9:53 | Build | Palisade Wall |
| 9:55 | Build | Palisade Wall |
| 10:06 | Age | Feudal Age |
| 10:12 | Queue | Villager (Male) |
| 10:17 | Research | Man-at-Arms (upgrade) |
| 10:17 | Research | Man-at-Arms (upgrade) |
| 10:20 | Research | Double-Bit Axe |
| 10:29 | Build | Farm |
| 10:32 | Build | Farm |
| 10:45 | Queue | Villager (Male) |
| 10:55 | Build | Stable |
| 10:58 | Queue | Villager (Male) |
| 11:13 | Build | House |
| 11:15 | Build | Palisade Wall |
| 11:24 | Queue | Spearman |
| 11:28 | Build | House |
| 11:31 | Queue | Villager (Male) |
| 11:37 | Build | Farm |
| 11:39 | Queue | Scout Cavalry |
| 11:39 | Queue | Scout Cavalry |
| 11:39 | Queue | Scout Cavalry |
| 11:54 | Queue | Scout Cavalry |
| 11:58 | Build | Farm |
| 12:00 | Build | Farm |
| 12:08 | Build | Farm |
| 12:14 | Queue | Villager (Male) |
| 12:22 | Build | Farm |
| 12:23 | Queue | Villager (Male) |
| 12:31 | Build | Farm |
| 12:40 | Build | Farm |
| 12:52 | Queue | Scout Cavalry |
| 12:56 | Queue | Villager (Male) |
| 12:58 | Research | Loom |
| 13:00 | Queue | Villager (Male) |
| 13:19 | Queue | Villager (Male) |
| 13:26 | Build | House |
| 13:34 | Build | Farm |
| 13:36 | Research | Horse Collar |
| 13:36 | Research | Horse Collar |
| 14:00 | Queue | Villager (Male) |
| 14:02 | Build | Farm |
| 14:03 | Build | Farm |
| 14:08 | Queue | Scout Cavalry |
| 14:21 | Build | Farm |
| 14:27 | Queue | Villager (Male) |
| 14:31 | Build | Mining Camp |
| 14:52 | Queue | Villager (Male) |
| 14:54 | Build | Farm |
| 15:11 | Queue | Villager (Male) |
| 15:15 | Build | Blacksmith |
| 15:24 | Queue | Spearman |
| 15:51 | Queue | Villager (Male) |
| 16:03 | Build | Farm |
| 16:04 | Build | Farm |
| 16:08 | Queue | Villager (Male) |
| 16:14 | Research | Forging |
| 16:26 | Research | Bloodlines |
| 16:26 | Research | Bloodlines |
| 16:28 | Queue | Villager (Male) |
| 16:30 | Build | Stable |
| 16:50 | Queue | Villager (Male) |
| 16:58 | Build | Farm |
| 17:00 | Build | Farm |
| 17:33 | Build | Farm |
| 17:33 | Queue | Scout Cavalry ×5 |
| 18:03 | Queue | Villager (Male) |
| 18:03 | Queue | Villager (Male) |
| 18:06 | Build | Farm |
| 18:07 | Build | Mill |
| 18:29 | Queue | Villager (Male) |
| 18:31 | Build | Farm |
| 18:35 | Research | Wheelbarrow |
| 18:35 | Research | Wheelbarrow |
| 18:41 | Build | House |
| 18:43 | Build | House |
| 19:22 | Build | Farm |
| 19:23 | Build | Farm |
| 19:24 | Build | Farm |
| 19:27 | Build | Farm |
| 20:00 | Build | Market |
| 20:25 | Research | Castle Age |
| 20:25 | Research | Castle Age |
| 20:47 | Queue | Scout Cavalry ×2 |
| 21:08 | Build | Archery Range |
| 21:13 | Queue | Scout Cavalry ×3 |
| 21:18 | Research | Scale Barding Armor |
| 22:00 | Build | Farm |
| 22:01 | Queue | Skirmisher |
| 22:02 | Queue | Skirmisher |
| 22:02 | Queue | Skirmisher |
| 22:04 | Research | Padded Archer Armor |
| 22:04 | Research | Padded Archer Armor |
| 22:04 | Research | Fletching |
| 22:05 | Research | Fletching |
| 22:16 | Queue | Scout Cavalry |
| 22:26 | Queue | Skirmisher |
| 22:26 | Queue | Skirmisher |
| 22:31 | Build | House |
| 23:05 | Age | Castle Age |
| 23:10 | Research | Light Cavalry (upgrade) |
| 23:14 | Queue | Skirmisher |
| 23:14 | Queue | Skirmisher |
| 23:49 | Queue | Villager (Male) |
| 23:49 | Queue | Villager (Male) |
| 23:59 | Queue | Villager (Male) |
| 23:59 | Queue | Villager (Male) |
| 24:02 | Build | Town Center |
| 24:15 | Build | Farm |
| 24:16 | Build | Farm |
Build order — 橘子洲头一渔夫
First 150 of 545 actions detected
| 0:00 | Queue | Villager (Male) |
| 0:00 | Queue | Villager (Male) |
| 0:01 | Build | House |
| 0:02 | Build | House |
| 0:06 | Queue | Villager (Male) |
| 0:06 | Queue | Villager (Male) |
| 1:24 | Queue | Villager (Male) |
| 1:43 | Build | Lumber Camp |
| 1:47 | Research | Loom |
| 2:02 | Queue | Villager (Male) |
| 2:38 | Queue | Villager (Male) |
| 2:53 | Queue | Villager (Male) |
| 3:25 | Queue | Villager (Male) |
| 3:26 | Queue | Villager (Male) |
| 3:54 | Build | House |
| 4:05 | Queue | Villager (Male) |
| 4:08 | Queue | Villager (Male) |
| 4:24 | Build | Mill |
| 4:25 | Queue | Villager (Male) |
| 5:31 | Queue | Villager (Male) |
| 6:01 | Research | Feudal Age |
| 7:02 | Build | Barracks |
| 7:06 | Queue | Villager (Male) |
| 7:17 | Build | House |
| 7:19 | Build | Palisade Wall |
| 8:00 | Build | Palisade Wall |
| 8:01 | Build | Palisade Wall |
| 8:06 | Build | Palisade Wall |
| 8:10 | Build | Palisade Wall |
| 8:12 | Build | Palisade Wall |
| 8:14 | Build | Palisade Wall |
| 8:16 | Build | Palisade Wall |
| 8:21 | Queue | Villager (Male) |
| 8:25 | Age | Feudal Age |
| 8:50 | Build | Stable |
| 8:53 | Queue | Villager (Male) |
| 9:13 | Build | House |
| 9:18 | Queue | Scout Cavalry |
| 9:18 | Queue | Scout Cavalry |
| 9:32 | Queue | Villager (Male) |
| 9:48 | Queue | Villager (Male) |
| 9:57 | Build | Mill |
| 10:08 | Queue | Scout Cavalry |
| 10:18 | Build | Farm |
| 10:20 | Build | Farm |
| 10:33 | Queue | Villager (Male) |
| 10:40 | Build | Farm |
| 11:00 | Build | Farm |
| 11:08 | Build | House |
| 11:18 | Queue | Villager (Male) |
| 11:25 | Build | House |
| 11:29 | Build | Palisade Wall |
| 11:30 | Queue | Villager (Male) |
| 11:44 | Build | Farm |
| 11:56 | Build | House |
| 11:57 | Build | House |
| 12:06 | Queue | Villager (Male) |
| 12:11 | Research | Double-Bit Axe |
| 12:22 | Queue | Villager (Male) |
| 12:25 | Build | Farm |
| 12:46 | Queue | Villager (Male) |
| 12:49 | Build | Mining Camp |
| 13:14 | Queue | Villager (Male) |
| 13:33 | Research | Wheelbarrow |
| 13:48 | Queue | Spearman |
| 13:48 | Queue | Spearman |
| 14:00 | Queue | Villager (Male) |
| 14:15 | Build | Archery Range |
| 14:21 | Queue | Villager (Male) |
| 14:44 | Queue | Archer |
| 15:05 | Build | House |
| 15:05 | Build | House |
| 15:27 | Build | Blacksmith |
| 15:34 | Queue | Villager (Male) |
| 15:39 | Queue | Archer |
| 15:56 | Build | Farm |
| 15:57 | Queue | Villager (Male) |
| 16:06 | Queue | Archer |
| 16:29 | Build | Palisade Wall |
| 16:34 | Queue | Villager (Male) |
| 16:36 | Build | Farm |
| 16:45 | Research | Fletching |
| 16:51 | Queue | Villager (Male) |
| 17:00 | Research | Padded Archer Armor |
| 17:03 | Build | House |
| 17:10 | Queue | Archer |
| 17:23 | Queue | Villager (Male) |
| 17:34 | Queue | Spearman |
| 17:37 | Queue | Archer |
| 17:38 | Queue | Villager (Male) |
| 17:59 | Queue | Spearman |
| 18:01 | Queue | Villager (Male) |
| 18:02 | Build | Farm |
| 18:03 | Build | Farm |
| 18:04 | Build | Farm |
| 18:15 | Queue | Villager (Male) |
| 18:20 | Queue | Spearman |
| 18:22 | Queue | Archer |
| 18:33 | Build | Farm |
| 18:33 | Queue | Villager (Male) |
| 18:44 | Queue | Spearman |
| 19:00 | Queue | Villager (Male) |
| 19:23 | Queue | Spearman |
| 19:35 | Queue | Villager (Male) |
| 19:38 | Build | Farm |
| 19:38 | Build | Farm |
| 19:42 | Build | House |
| 19:45 | Build | House |
| 19:50 | Build | House |
| 19:53 | Build | Palisade Wall |
| 19:59 | Queue | Villager (Male) |
| 20:01 | Queue | Archer |
| 20:08 | Queue | Spearman |
| 20:09 | Queue | Spearman |
| 20:11 | Build | House |
| 20:17 | Build | Farm |
| 20:34 | Build | Farm |
| 20:39 | Queue | Villager (Male) |
| 20:41 | Build | Farm |
| 20:59 | Build | House |
| 21:00 | Build | House |
| 21:05 | Build | Farm |
| 21:06 | Queue | Villager (Male) |
| 21:14 | Build | Palisade Gate |
| 21:17 | Build | Palisade Wall |
| 21:19 | Queue | Spearman |
| 21:27 | Build | Farm |
| 21:29 | Build | Farm |
| 21:54 | Queue | Spearman |
| 21:58 | Build | House |
| 22:06 | Queue | Spearman |
| 22:06 | Queue | Spearman |
| 22:22 | Research | Castle Age |
| 22:53 | Queue | Archer |
| 22:53 | Queue | Archer |
| 23:00 | Build | Archery Range |
| 23:03 | Build | Lumber Camp |
| 23:53 | Build | Archery Range |
| 23:55 | Research | Gold Mining |
| 24:09 | Research | Horse Collar |
| 24:09 | Research | Horse Collar |
| 24:11 | Research | Bloodlines |
| 24:25 | Build | Farm |
| 24:41 | Queue | Villager (Male) |
| 25:02 | Age | Castle Age |
| 25:03 | Queue | Cavalry Archer |
| 25:03 | Queue | Cavalry Archer |
| 25:05 | Build | House |
| 25:09 | Research | Bodkin Arrow |
| 25:09 | Research | Bodkin Arrow |
Match timeline
| 4:13 | PomPom · first_building Barracks |
| 7:02 | 橘子洲头一渔夫 · first_building Barracks |
| 7:19 | 橘子洲头一渔夫 · wall_segment Palisade Wall x3 |
| 8:00 | 橘子洲头一渔夫 · wall_segment Palisade Wall x1 |
| 8:01 | 橘子洲头一渔夫 · wall_segment Palisade Wall x1 |
| 8:06 | 橘子洲头一渔夫 · wall_segment Palisade Wall x1 |
| 8:10 | 橘子洲头一渔夫 · wall_segment Palisade Wall x1 |
| 8:12 | 橘子洲头一渔夫 · wall_segment Palisade Wall x1 |
| 8:14 | 橘子洲头一渔夫 · wall_segment Palisade Wall x1 |
| 8:16 | 橘子洲头一渔夫 · wall_segment Palisade Wall x1 |
| 8:25 | 橘子洲头一渔夫 · age_up feudal |
| 8:50 | 橘子洲头一渔夫 · first_building Stable |
| 9:48 | PomPom · wall_segment Palisade Wall x3 |
| 9:49 | PomPom · wall_segment Palisade Wall x4 |
| 9:51 | PomPom · wall_segment Palisade Wall x1 |
| 9:53 | PomPom · wall_segment Palisade Wall x1 |
| 9:55 | PomPom · wall_segment Palisade Wall x1 |
| 10:06 | PomPom · age_up feudal |
| 10:55 | PomPom · first_building Stable |
| 11:15 | PomPom · wall_segment Palisade Wall x1 |
| 11:29 | 橘子洲头一渔夫 · wall_segment Palisade Wall x8 |
| 14:15 | 橘子洲头一渔夫 · first_building Archery Range |
| 16:29 | 橘子洲头一渔夫 · wall_segment Palisade Wall x11 |
| 19:53 | 橘子洲头一渔夫 · wall_segment Palisade Wall x1 |
| 21:08 | PomPom · first_building Archery Range |
| 21:17 | 橘子洲头一渔夫 · wall_segment Palisade Wall x1 |
| 23:05 | PomPom · age_up castle |
| 25:02 | 橘子洲头一渔夫 · age_up castle |
| 27:24 | 橘子洲头一渔夫 · wall_segment Palisade Wall x1 |
| 28:12 | PomPom · first_market_buy 100 wood |
| 28:15 | PomPom · first_market_sell 100 food |
| 36:52 | 橘子洲头一渔夫 · first_building Siege Workshop |
| 37:08 | PomPom · first_building Castle |
| 37:13 | 橘子洲头一渔夫 · first_building Castle |
| 39:23 | PomPom · first_building Siege Workshop |
| 41:56 | PomPom · age_up imperial |
| 46:38 | 橘子洲头一渔夫 · age_up imperial |
| 50:46 | PomPom · resign |
[ AI ANALYSIS · 1 CREDIT ]
What really happened in this match?
Wolo.gg analyzes every decision: build order, eco, micro, common mistakes by bracket. Personalized analysis on WhatsApp or Discord in 30 seconds.
Civ guide
Mongols
Perfil
Jugador #455708